 Dungeon Crawl Stone Soup version 0.29.1-15-g9cfb28693d (webtiles) character file.

Game seed: 18269622584807036964

14 sentinel the Digger (level 2, 0/20 HPs)
             Began as a Meteoran Earth Elementalist on July 27, 2023.
             Succumbed to an adder's poison
             ... on level 2 of the Dungeon.
             The game lasted 00:00:28 (83 turns).

sentinel the Digger (Meteoran Earth Elementalist)     Turns: 83, Time: 00:00:29

Health: 0/20       AC:  2    Str:  9    XL:     2   Next: 76%
Magic:  1/6        EV: 12    Int: 16    God:
Gold:   0          SH:  0    Dex: 14    Spells: 5/6 levels left

rFire   . . .      SeeInvis .   (no weapon)
rCold   . . .      Faith    .   (no shield)
rNeg    . . .      Spirit   .   a - +0 robe
rPois   .          Reflect  .   (no helmet)
rElec   .          Harm     .   (no cloak)
rCorr   .          Rampage  .   (no gloves)
Will    .....                   (no boots)
Stlth   +.........              (no amulet)
HPRegen 0.06/turn               (no ring)
MPRegen 0.10/turn               (no ring)

@: lethally poisoned (0 -> -2), glowing
A: sense surroundings 1, otherworldly, glowing, explore regen
a: no special abilities


You were on level 2 of the Dungeon.
You visited 1 branch of the dungeon, and saw 2 of its levels.

Inventory:

Missiles
 c - 6 boomerangs
Armour
 a - a +0 robe (worn)
Potions
 b - a potion of magic


   Skills:
 - Level 2.4 Dodging
 - Level 1.4 Stealth
 - Level 2.6 Spellcasting
 - Level 1.2 Transmutations
 + Level 4.5 Earth Magic


You had 5 spell levels left.
You knew the following spells:

 Your Spells              Type           Power      Damage    Failure   Level
a - Sandblast             Erth           32%        2d9       3%          1

Your spell library contained the following spells:

 Spells                   Type           Power      Damage    Failure   Level
 Passwall                 Tmut/Erth      9%         N/A       9%          2
 Stone Arrow              Conj/Erth      18%        3d8       22%         3
 Petrify                  Tmut/Erth      11%        N/A       52%         4


Dungeon Overview and Level Annotations

Branches:
Dungeon (2/15) Zot: 1113

Altars:


Innate Abilities, Weirdness & Mutations

You passively map a small area around you.
You are easily found by Zot.
You glow in the dark.
You regain HP and MP as you explore.


Message History

Welcome, sentinel the Meteoran Earth Elementalist.
You feel drawn to the Orb of Zot, downwards into the unfathomable depths...
Press ? for a list of commands and other information.
Found a staircase leading out of the dungeon.
As you open the gate, it creaks loudly!
The kobold shouts!
There is an open gate here.
You open the huge gate.
A ball python comes into view.
Found a stone staircase leading down.
The ball python hisses angrily.
There is a huge open gate here.
A rat comes into view.
The blast of sand hits the ball python.
You kill the ball python!
You can't see any susceptible monsters within range! (Use Z to cast anyway.)
You can't see any susceptible monsters within range! (Use Z to cast anyway.)
You can't see any susceptible monsters within range! (Use Z to cast anyway.)
You can't see any susceptible monsters within range! (Use Z to cast anyway.)
You can't see any susceptible monsters within range! (Use Z to cast anyway.)
You can't see any susceptible monsters within range! (Use Z to cast anyway.)
You can't see any susceptible monsters within range! (Use Z to cast anyway.)
You can't see any susceptible monsters within range! (Use Z to cast anyway.)
You can't see any susceptible monsters within range! (Use Z to cast anyway.)
You can't see any susceptible monsters within range! (Use Z to cast anyway.)
You can't see any susceptible monsters within range! (Use Z to cast anyway.)
The blast of sand hits the rat.
You kill the rat!
You can't see any susceptible monsters within range! (Use Z to cast anyway.)
You can't see any susceptible monsters within range! (Use Z to cast anyway.)
You can't see any susceptible monsters within range! (Use Z to cast anyway.)
You can't see any susceptible monsters within range! (Use Z to cast anyway.)
You can't see any susceptible monsters within range! (Use Z to cast anyway.)
(D) Dungeon
Where to? (? - help)
There is a stone staircase leading down here.
You climb downwards.
Found 6 boomerangs.
There is a stone staircase leading up here.
There's nothing to open nearby.
A hobgoblin comes into view.
The hobgoblin shouts!
The blast of sand hits the hobgoblin!
You kill the hobgoblin!
You can't see any susceptible monsters within range! (Use Z to cast anyway.)
You can't see any susceptible monsters within range! (Use Z to cast anyway.)
You can't see any susceptible monsters within range! (Use Z to cast anyway.)
You can't see any susceptible monsters within range! (Use Z to cast anyway.)
c - 6 boomerangs
Found a long sword.
Found 14 gold pieces.
Found a stone staircase leading down.
A rat and a kobold come into view.
Found a leather armour.
The kobold shouts!
An adder comes into view.
There are monsters nearby!
There are monsters nearby!
The adder hisses angrily.
The blast of sand hits the kobold!
You kill the kobold!
Your Earth Magic skill increases to level 4!
The blast of sand hits the rat.
The rat is severely wounded.
The blast of sand hits the adder.
The adder is heavily wounded.
The adder bites you.
You are poisoned.
The adder poisons you! The adder bites you.
You are lethally poisoned!
The adder poisons you!
The blast of sand hits the adder!
You kill the adder!
You feel very sick.
You have reached level 2!
The blast of sand hits the rat!
You kill the rat!
You feel very sick.
You feel sick.
You see here an adder corpse.
You feel sick.
HP warning!
* * * LOW HITPOINT WARNING * * *
You feel sick.
Things that are here:
a +0 club; 3 stones HP warning!
* * * LOW HITPOINT WARNING * * *
You feel sick.
HP warning!
* * * LOW HITPOINT WARNING * * *
You feel sick.
You see here a +0 leather armour.
HP warning!
You die...

**
######.........). ,
, #....#.#.####.###
, **
##.#...#.####.### *
,*#†##.###.........
* *, #..###
######.##. * ##)##
* *#.##. *,,#..#
,,, #.##. , *,##[#
, , ,#.##. * ,*#@##
* ..##. , #.....#
,, .###. *#######
,** ,. #. , * * *
#. * * * * , * , *
,, ,


There were no monsters in sight!

Vanquished Creatures
  An adder (D:2)
  A ball python (D:1)
  A hobgoblin (D:2)
  A kobold (D:2)
  2 rats
6 creatures vanquished.

Vanquished Creatures (others)
  2 plants (D:2)
2 creatures vanquished.

Grand Total: 8 creatures vanquished

Notes
Turn   | Place    | Note
-------+----------+-------------------------------------------
     0 | D:1      | sentinel the Meteoran Earth Elementalist began the quest
                  | for the Orb.
     0 | D:1      | Reached XP level 1. HP: 14/14 MP: 5/5
    74 | D:2      | Reached skill level 4 in Earth Magic
    77 | D:2      | Reached XP level 2. HP: 8/20 MP: 1/6
    81 | D:2      | HP: 1/20 [poisoned by an adder]
    83 | D:2      | Succumbed to an adder's poison

Illustrated notes

Levels and vault maps discovered:
D:1:      lordsloth_arrival_two_stooges, layout_basic,
          shapermc_ecumenical_altar_hornbeckon
D:2:      minmay_angry_zag, layout_loops_ring, serial_bayou,
          serial_bayou_ford_a, serial_bayou_pond_b, serial_bayou_shore_a,
          serial_bayou_shore_b, uniq_jessica, uniq_robin, uniq_terence

Skill      XL: |  1 |
---------------+----+-----
Earth Magic    | 4 |  4.5
Dodging        | |  2.4
Stealth        | |  1.4
Spellcasting   | |  2.6
Transmutations | |  1.2

Action                   || total
-------------------------++-------
 Cast: Sandblast         ||     8
